 Dungeon Crawl Stone Soup version 0.17.1-3-g152610e (webtiles) character file.

281 warlockg3 the Shield-Bearer (level 6, -2/38 HPs)
             Began as a Gargoyle Fighter on Mar 31, 2016.
             Was an Initiate of the Shining One.
             Slain by Syrassil's ghost (6 damage)
             ... on level 4 of the Dungeon.
             The game lasted 00:18:14 (3625 turns).

warlockg3 the Shield-Bearer (Gargoyle Fighter)      Turns: 3625, Time: 00:18:15

Health: -2/38      AC: 14    Str: 22    XL:     6   Next: 27%
Magic:  6/6        EV:  8    Int:  8    God:    the Shining One [......]
Gold:   110        SH:  9    Dex:  9    Spells: 0 memorised, 5 levels left

rFire  . . .     SeeInvis .     a - +0 long sword (curse)
rCold  . . .     Clarity  .     b - +0 scale mail (curse)
rNeg   + . .     SustAt   .     c - +0 shield (curse)
rPois  ∞         Gourm    .     (no helmet)
rElec  +         Spirit   .     (no cloak)
rCorr  .         Warding  .     (no gloves)
rMut   .         Stasis   .     t - +2 pair of boots
MR     .....                    (no amulet)
Stlth  ..........               (no ring)
                                (no ring)

@: flying, very slow, not resistant to hostile enchantments, extremely
unstealthy
A: negative energy resistance 1, electricity resistance, unbreathing,
petrification resistance, rot immunity, AC +4
a: Renounce Religion


You were on level 4 of the Dungeon.
You worshipped the Shining One.
The Shining One was noncommittal.
You were not hungry.

You visited 1 branch of the dungeon, and saw 4 of its levels.

You collected 110 gold pieces.

Inventory:

Hand Weapons
 a - a cursed +0 long sword (weapon)
Armour
 b - a cursed +0 scale mail (worn)
 c - a cursed +0 shield (worn)
 f - a +0 ring mail
 n - a +0 buckler
 t - a +2 pair of boots (worn)
Scrolls
 g - 2 scrolls of recharging
 h - 4 scrolls of remove curse
 i - 2 scrolls of identify
 l - a scroll of blinking
 q - a scroll of teleportation
 r - a scroll of fear {unknown}
 u - a scroll of fog {unknown}
 w - 2 scrolls of enchant armour {unknown}
Potions
 d - 2 potions of might
 m - 3 potions of heal wounds
 s - a potion of flight
Comestibles
 e - 3 bread rations
 k - a meat ration


   Skills:
 + Level 4.1 Fighting
 + Level 3.1 Long Blades
 + Level 4.3 Armour
 + Level 1.6 Dodging
 + Level 0.5 Stealth
 + Level 4.8 Shields


You had 5 spell levels left.
You didn't know any spells.

Dungeon Overview and Level Annotations

Branches:
Dungeon (4/15)
 Temple: D:4-7

Altars:
Cheibriados
Makhleb
The Shining One

Annotations:
D:4 Syrassil's ghost, novice HOSk


Innate Abilities, Weirdness & Mutations

You are resistant to torment.
Your stone body is resilient (AC +4).
You are immune to poison.
You resist negative energy.
You are resistant to electric shocks.
You can survive without breathing.
You are immune to petrification.
You are immune to rotting.


Message History

Syrassil's ghost says, "Do you think the gods will protect you?"
Syrassil's ghost barely misses you. Syrassil's ghost hits you.
Syrassil's ghost's shroud bends your attack away!
Syrassil's ghost hits you!
Syrassil's ghost's shroud bends your attack away.
Syrassil's ghost hits you but does no damage.
You hit Syrassil's ghost but do no damage.
Syrassil's ghost is lightly damaged.
Syrassil's ghost hits you but does no damage. x2
You hit Syrassil's ghost but do no damage.
Syrassil's ghost is lightly damaged.
Syrassil's ghost hits you but does no damage.
Syrassil's ghost hits you! Syrassil's ghost closely misses you.
An orc comes into view. It is wielding a hand axe.
The orc shouts!
The orc zaps a wand.
You are blasted!
* * * LOW HITPOINT WARNING * * *
It is a wand of disintegration.
Syrassil's ghost hits you.
You die...

##### #.>.
###.#
#.W@#
#<##.....#
#o# .#####
#.# o# #.#
.#
#.##.####
#.)......
####o####
..


You could see Syrassil's ghost and 2 orcs.

Vanquished Creatures
  A hound (D:2)
  3 orc wizards (D:3)
  7 adders
  4 oozes
  A worm (D:1)
  3 giant geckos
  8 orcs
  A ball python (D:1)
  6 bats
  5 giant cockroaches
  12 goblins
  8 hobgoblins
  2 jackals (D:2)
  8 kobolds
  A quokka (D:3)
  7 giant newts
  A jackal skeleton (D:3)
  5 rats
83 creatures vanquished.

Notes
Turn   | Place    | Note
--------------------------------------------------------------
     0 | D:1      | warlockg3 the Gargoyle Fighter began the quest for the Orb.
     0 | D:1      | Reached XP level 1. HP: 14/14 MP: 1/1
   232 | D:1      | Reached XP level 2. HP: 19/19 MP: 2/2
   466 | D:1      | Reached XP level 3. HP: 19/23 MP: 3/3
  1220 | D:2      | Reached skill level 4 in Shields
  1575 | D:2      | Reached XP level 4. HP: 28/28 MP: 4/4
  1645 | D:2      | Reached skill level 1 in Dodging
  1656 | D:2      | Found a burning altar of Makhleb.
  1904 | D:2      | Reached XP level 5. HP: 30/33 MP: 5/5
  1965 | D:2      | Found a snail-covered altar of Cheibriados.
  1980 | D:2      | Became a worshipper of Cheibriados the Contemplative
  2407 | D:3      | Reached * piety under Cheibriados
  2645 | D:3      | Found a glowing golden altar of the Shining One.
  2652 | D:3      | Fell from the grace of Cheibriados
  2652 | D:3      | Became a worshipper of the Shining One
  2844 | D:3      | Reached XP level 6. HP: 34/38 MP: 6/6
  3038 | D:4      | Noticed Syrassil's ghost (novice HOSk)
  3625 | D:4      | Slain by Syrassil's ghost

Action                   |  1- 3 |  4- 6 || total
-------------------------+-------+-------++-------
Melee: Long sword        |   103 |   217 ||   320
  Use: Scroll            |       |     6 ||     6
       Potion            |       |     5 ||     5
  Eat: Chunk             |     2 |     2 ||     4
       Bread ration      |       |     2 ||     2
